| TOP OF THE 1ST |
|
Burlington Bees batting - Pitching for Quad Cities Angels : LHP Ernie Ramirez
|
|
Pitching: LHP Ernie Ramirez
|
|
|
Batting: RHB Mark Miller
|
0-0: Bunt for hit to 2L - play at first, batter OUT! 2-3
|
|
Batting: RHB Kenneth Patterson
|
0-0: Ground out 5-3 (Groundball, 5, EV 80.0 MPH)
|
|
Batting: LHB Brian Devalk
|
0-0: Ball 1-0: Called Strike 1-1: Ball 2-1: Called Strike 2-2: Strikes out swinging
|
| Top of the 1st over - 0 runs, 0 hits, 0 errors, 0 left on base; Burlington 0 - Quad Cities 0 |
| BOTTOM OF THE 1ST |
|
Quad Cities Angels batting - Pitching for Burlington Bees : RHP Paul Soth
|
|
Pitching: RHP Paul Soth
|
|
|
Batting: RHB Mike Sharperson
|
0-0: Ball 1-0: Called Strike 1-1: Ball 2-1: Called Strike 2-2: Strikes out swinging
|
|
Batting: RHB Rolando Roomes
|
0-0: Called Strike 0-1: Ball 1-1: Called Strike 1-2: SINGLE (Groundball, 56S, EV 74.4 MPH) (infield hit)
|
|
Batting: RHB Dionisio DeJesus
|
0-0: Ball 1-0: Foul Ball, location: 2F 1-1: Foul Ball, location: 2F 1-2: Strikes out swinging
|
|
Batting: LHB Bob Helsom
|
0-0: Ball Wild Pitch! Rolando Roomes to second 1-0: Foul Ball, location: 2F 1-1: Ball 2-1: Swinging Strike 2-2: Ball 3-2: Base on Balls
|
|
Batting: RHB Oscar Mejia
|
0-0: Called Strike 0-1: Ball 1-1: SINGLE (Line Drive, 8LS, EV 105.0 MPH) Rolando Roomes to third Bob Helsom to second Runner from 3rd tries for Home, SAFE, throw by CF to home
|
|
Batting: LHB Chuck Sandberg
|
0-0: Called Strike 0-1: Called Strike 0-2: Ball 1-2: Strikes out swinging
|
| Bottom of the 1st over - 1 run, 2 hits, 0 errors, 2 left on base; Burlington 0 - Quad Cities 1 |
| TOP OF THE 2ND |
|
Burlington Bees batting - Pitching for Quad Cities Angels : LHP Ernie Ramirez
|
|
Batting: RHB Bob Gergen
|
0-0: Foul Ball, location: 2F 0-1: Foul Ball, location: 2F 0-2: Strikes out swinging
|
|
Batting: RHB Gregory Chinn
|
0-0: Ball 1-0: Ball 2-0: Ball 3-0: Called Strike 3-1: Base on Balls
|
|
Batting: RHB Rod Johnson
|
0-0: Called Strike Gregory Chinn steals 2nd base 0-1: Ball 1-1: Ball 2-1: Ball 3-1: Called Strike 3-2: Base on Balls
|
|
Batting: RHB Mike Quade
|
0-0: Called Strike 0-1: Swinging Strike 0-2: Ball 1-2: Ball Wild Pitch! Gregory Chinn to third Rod Johnson to second 2-2: Strikes out swinging
|
|
Batting: RHB Mike Morse
|
0-0: Swinging Strike 0-1: Ball 1-1: Ball 2-1: Ground out 6-3 (Groundball, 6, EV 85.6 MPH)
|
| Top of the 2nd over - 0 runs, 0 hits, 0 errors, 2 left on base; Burlington 0 - Quad Cities 1 |
| BOTTOM OF THE 2ND |
|
Quad Cities Angels batting - Pitching for Burlington Bees : RHP Paul Soth
|
|
Batting: RHB Greg Griffin
|
0-0: Called Strike 0-1: Ground out 5-3 (Groundball, 56S, EV 86.9 MPH)
|
|
Batting: SHB Frank Diaz
|
0-0: Called Strike 0-1: Ball 1-1: Foul Ball, location: 2F 1-2: Ball 2-2: Foul Ball, location: 2F 2-2: Foul Ball, location: 2F 2-2: Ball 3-2: Fly out, F8 (Line Drive, 8RM, EV 93.1 MPH)
|
|
Batting: RHB Cecil Strawn
|
0-0: Fly out, F7 (Line Drive, 7D, EV 93.8 MPH)
|
| Bottom of the 2nd over - 0 runs, 0 hits, 0 errors, 0 left on base; Burlington 0 - Quad Cities 1 |
| TOP OF THE 3RD |
|
Burlington Bees batting - Pitching for Quad Cities Angels : LHP Ernie Ramirez
|
|
Batting: RHB Nick Hernandez
|
0-0: Ball 1-0: Ball 2-0: Called Strike 2-1: Ball 3-1: Called Strike 3-2: Base on Balls
|
|
Batting: RHB Mark Miller
|
0-0: SINGLE (Groundball, 3S, EV 70.6 MPH) (infield hit) Nick Hernandez to second
|
|
Batting: RHB Kenneth Patterson
|
0-0: Ball Wild Pitch! Nick Hernandez to third Mark Miller to second 1-0: Ball 2-0: Swinging Strike 2-1: Foul Ball, location: 2F 2-2: Foul Ball, location: 2F 2-2: Foul Ball, location: 2F 2-2: Ball 3-2: Base on Balls
|
|
Batting: LHB Brian Devalk
|
0-0: Called Strike 0-1: Foul Ball, location: 2F 0-2: Ball 1-2: Foul Ball, location: 2F 1-2: Ball 2-2: Fly out, F8 (Flyball, 8LD, EV 90.6 MPH) Runner from 3rd tags up, SCORES, throw by CF Mark Miller to third
|
|
Batting: RHB Bob Gergen
|
0-0: Called Strike 0-1: DOUBLE (Line Drive, 78D, EV 106.3 MPH) Mark Miller scores Kenneth Patterson to third Runner from 3rd tries for Home, SAFE, no throw by LF
|
|
Batting: RHB Gregory Chinn
|
0-0: Ball 1-0: Ball 2-0: Ball 3-0: Base on Balls
|
|
Batting: RHB Rod Johnson
|
0-0: Foul Ball, location: 2F 0-1: Swinging Strike 0-2: Foul Ball, location: 2F 0-2: Ball 1-2: Ball 2-2: Foul Ball, location: 2F 2-2: Ball 3-2: Foul Ball, location: 2F 3-2: Ground out 6-3 (Groundball, 6, EV 100.0 MPH) Bob Gergen to third Gregory Chinn to second
|
|
Batting: RHB Mike Quade
|
0-0: Ball 1-0: Foul Ball, location: 2F 1-1: Foul Ball, location: 2F 1-2: Ground out 6-3 (Groundball, 6, EV 101.3 MPH)
|
| Top of the 3rd over - 3 runs, 2 hits, 0 errors, 2 left on base; Burlington 3 - Quad Cities 1 |
| BOTTOM OF THE 3RD |
|
Quad Cities Angels batting - Pitching for Burlington Bees : RHP Paul Soth
|
|
Batting: RHB Mike Sharperson
|
0-0: Ball 1-0: Ball 2-0: Ball 3-0: Called Strike 3-1: Called Strike 3-2: Foul Ball, location: 2F 3-2: Foul Ball, location: 2F 3-2: Base on Balls
|
|
Batting: RHB Rolando Roomes
|
0-0: Ball 1-0: Foul Ball, location: 2F 1-1: Fielders Choice at 2nd, 6-4 (Groundball, 6S, EV 85.0 MPH)
|
|
Batting: RHB Dionisio DeJesus
|
0-0: Ball 1-0: Grounds into double play, 6-4-3 (Groundball, 6, EV 85.0 MPH)
|
| Bottom of the 3rd over - 0 runs, 0 hits, 0 errors, 0 left on base; Burlington 3 - Quad Cities 1 |
| TOP OF THE 4TH |
|
Burlington Bees batting - Pitching for Quad Cities Angels : LHP Ernie Ramirez
|
|
Batting: RHB Mike Morse
|
0-0: Called Strike 0-1: Foul Ball, location: 2F 0-2: Ball 1-2: Fly out, F8 (Flyball, 8RXD, EV 80.6 MPH)
|
|
Batting: RHB Nick Hernandez
|
0-0: Swinging Strike 0-1: Ball 1-1: Ball 2-1: Called Strike 2-2: Foul Ball, location: 2F 2-2: Ball 3-2: Foul Ball, location: 2F 3-2: Foul Ball, location: 2F 3-2: Base on Balls
|
|
Batting: RHB Mark Miller
|
0-0: Called Strike Nick Hernandez steals 2nd base 0-1: Swinging Strike 0-2: Ball 1-2: Ball 2-2: Ball 3-2: Base on Balls
|
|
Batting: RHB Kenneth Patterson
|
0-0: Called Strike 0-1: Ball 1-1: Ball 2-1: Fly out, F8 (Line Drive, 8LD, EV 104.4 MPH)
|
|
Batting: LHB Brian Devalk
|
0-0: Ball 1-0: Ball 2-0: Ball 3-0: Base on Balls Nick Hernandez to third Mark Miller to second
|
|
Batting: RHB Bob Gergen
|
0-0: Ball 1-0: Ball 2-0: Swinging Strike 2-1: Ball 3-1: Base on Balls Nick Hernandez scores Mark Miller to third Brian Devalk to second
|
|
Batting: RHB Gregory Chinn
|
0-0: Ball 1-0: Called Strike 1-1: Called Strike 1-2: Fielders Choice at 2nd, 6-4 (Groundball, 6, EV 83.1 MPH)
|
| Top of the 4th over - 1 run, 0 hits, 0 errors, 3 left on base; Burlington 4 - Quad Cities 1 |
| BOTTOM OF THE 4TH |
|
Quad Cities Angels batting - Pitching for Burlington Bees : RHP Paul Soth
|
|
Batting: LHB Bob Helsom
|
0-0: Called Strike 0-1: Ball 1-1: Swinging Strike 1-2: Ball 2-2: Strikes out swinging
|
|
Batting: RHB Oscar Mejia
|
0-0: Fly out, F5 (Popup, 56S, EV 70.6 MPH)
|
|
Batting: LHB Chuck Sandberg
|
0-0: Foul Ball, location: 2F 0-1: Ball 1-1: Swinging Strike 1-2: Strikes out swinging
|
| Bottom of the 4th over - 0 runs, 0 hits, 0 errors, 0 left on base; Burlington 4 - Quad Cities 1 |
| TOP OF THE 5TH |
|
Burlington Bees batting - Pitching for Quad Cities Angels : LHP Ernie Ramirez
|
|
Batting: RHB Rod Johnson
|
0-0: Ground out U3 (Groundball, 34S, EV 87.5 MPH)
|
|
Batting: RHB Mike Quade
|
0-0: Called Strike 0-1: Ball 1-1: Foul Ball, location: 2F 1-2: SINGLE (Groundball, 56D, EV 106.9 MPH)
|
|
Batting: RHB Mike Morse
|
0-0: Swinging Strike 0-1: Foul Ball, location: 2F 0-2: Ball 1-2: Grounds into double play, 6-4-3 (Groundball, 6, EV 98.8 MPH)
|
| Top of the 5th over - 0 runs, 1 hit, 0 errors, 0 left on base; Burlington 4 - Quad Cities 1 |
| BOTTOM OF THE 5TH |
|
Quad Cities Angels batting - Pitching for Burlington Bees : RHP Paul Soth
|
|
Batting: RHB Greg Griffin
|
0-0: Ball 1-0: Fly out, F3 (Flyball, 3D, EV 83.1 MPH)
|
|
Batting: SHB Frank Diaz
|
0-0: Ball 1-0: Swinging Strike 1-1: Called Strike 1-2: Ball 2-2: Fly out, F7 (Flyball, 7D, EV 100.0 MPH)
|
|
Batting: RHB Cecil Strawn
|
0-0: SINGLE (Groundball, 4MD, EV 95.6 MPH)
|
|
Batting: RHB Mike Sharperson
|
0-0: Foul Ball, location: 2F 0-1: Ball 1-1: Ball 2-1: Ball 3-1: Swinging Strike 3-2: Foul Ball, location: 2F 3-2: Base on Balls Cecil Strawn to second
|
|
Batting: RHB Rolando Roomes
|
0-0: Ball 1-0: Ball 2-0: Fly out, F9 (Flyball, 89S, EV 81.3 MPH)
|
| Bottom of the 5th over - 0 runs, 1 hit, 0 errors, 2 left on base; Burlington 4 - Quad Cities 1 |
| TOP OF THE 6TH |
|
Burlington Bees batting - Pitching for Quad Cities Angels : LHP Ernie Ramirez
|
|
Batting: RHB Nick Hernandez
|
0-0: Swinging Strike 0-1: Ball 1-1: SINGLE (Groundball, 6D, EV 106.9 MPH)
|
|
Batting: RHB Mark Miller
|
0-0: Sac Bunt to P - play at first, batter OUT! 1-3 Nick Hernandez to second
|
|
Batting: RHB Kenneth Patterson
|
0-0: Ball 1-0: Ground out 6-3 (Groundball, 6, EV 84.4 MPH)
|
|
Batting: LHB Brian Devalk
|
0-0: SINGLE (Groundball, 6S, EV 70.0 MPH) (infield hit) Nick Hernandez to third
|
|
Batting: RHB Bob Gergen
|
0-0: Ground out U3 (Groundball, 13, EV 79.4 MPH)
|
| Top of the 6th over - 0 runs, 2 hits, 0 errors, 2 left on base; Burlington 4 - Quad Cities 1 |
| BOTTOM OF THE 6TH |
|
Quad Cities Angels batting - Pitching for Burlington Bees : RHP Paul Soth
|
|
Batting: RHB Dionisio DeJesus
|
0-0: Ball 1-0: Called Strike 1-1: Ball 2-1: Foul Ball, location: 2F 2-2: Strikes out swinging
|
|
Batting: LHB Bob Helsom
|
0-0: Called Strike 0-1: Ball 1-1: Ball 2-1: Ball 3-1: Base on Balls
|
|
Batting: RHB Oscar Mejia
|
0-0: Called Strike 0-1: Ball 1-1: Ball 2-1: Swinging Strike 2-2: Fly out, F7 (Line Drive, 7, EV 85.0 MPH)
|
|
Batting: LHB Chuck Sandberg
|
0-0: Ball 1-0: Foul Ball, location: 2F 1-1: Swinging Strike 1-2: Ball 2-2: Ball 3-2: Reached on error, E4 (Groundball, 4, EV 100.0 MPH) Bob Helsom to second
|
|
Batting: RHB Greg Griffin
|
0-0: Ball 1-0: Called Strike 1-1: Swinging Strike 1-2: Ground out 3-1 (Groundball, 34, EV 81.9 MPH)
|
| Bottom of the 6th over - 0 runs, 0 hits, 1 error, 2 left on base; Burlington 4 - Quad Cities 1 |
| TOP OF THE 7TH |
|
Burlington Bees batting - Pitching for Quad Cities Angels : LHP Ernie Ramirez
|
|
Batting: RHB Gregory Chinn
|
0-0: Ball 1-0: Ball 2-0: Called Strike 2-1: Ball 3-1: Base on Balls
|
|
Batting: RHB Rod Johnson
|
0-0: Ball 1-0: Bunt missed! 1-1: Ball 2-1: Bunt missed! 2-2: SINGLE (Groundball, 4MS, EV 67.5 MPH) (infield hit) Gregory Chinn to second
|
|
Pitching: LHP Charles Redd
|
|
|
Batting: RHB Mike Quade
|
0-0: Bunt missed! 0-1: Bunted foul 0-2: Fly out, F8 (Flyball, 8RD, EV 93.8 MPH)
|
|
Batting: RHB Mike Morse
|
0-0: Ball 1-0: Ball 2-0: Foul Ball, location: 2F 2-1: Swinging Strike 2-2: Grounds into double play, 6-4-3 (Groundball, 6, EV 75.6 MPH)
|
| Top of the 7th over - 0 runs, 1 hit, 0 errors, 1 left on base; Burlington 4 - Quad Cities 1 |
| BOTTOM OF THE 7TH |
|
Quad Cities Angels batting - Pitching for Burlington Bees : RHP Paul Soth
|
|
Batting: SHB Frank Diaz
|
0-0: Called Strike 0-1: Ball 1-1: Swinging Strike 1-2: Foul Ball, location: 2F 1-2: Foul Ball, location: 2F 1-2: Foul Ball, location: 2F 1-2: Strikes out swinging
|
|
Batting: RHB Cecil Strawn
|
0-0: Fly out, F8 (Flyball, 78D, EV 107.5 MPH)
|
|
Batting: RHB Mike Sharperson
|
0-0: Ball 1-0: Fly out, F8 (Flyball, 78D, EV 103.1 MPH)
|
| Bottom of the 7th over - 0 runs, 0 hits, 0 errors, 0 left on base; Burlington 4 - Quad Cities 1 |
| TOP OF THE 8TH |
|
Burlington Bees batting - Pitching for Quad Cities Angels : LHP Charles Redd
|
|
Batting: RHB Nick Hernandez
|
0-0: Ball 1-0: Ball 2-0: Ball 3-0: Called Strike 3-1: Foul Ball, location: 2F 3-2: Strikes out swinging
|
|
Batting: RHB Mark Miller
|
0-0: Fly out, F9 (Flyball, 89M, EV 88.8 MPH)
|
|
Batting: RHB Kenneth Patterson
|
0-0: Foul Ball, location: 2F 0-1: Ball 1-1: Foul Ball, location: 2F 1-2: Fly out, F7 (Line Drive, 7, EV 95.6 MPH)
|
| Top of the 8th over - 0 runs, 0 hits, 0 errors, 0 left on base; Burlington 4 - Quad Cities 1 |
| BOTTOM OF THE 8TH |
|
Quad Cities Angels batting - Pitching for Burlington Bees : RHP Paul Soth
|
|
Batting: RHB Rolando Roomes
|
0-0: Ball 1-0: Ball 2-0: Called Strike 2-1: Swinging Strike 2-2: Ground out U3 (Groundball, 34, EV 87.5 MPH)
|
|
Batting: RHB Dionisio DeJesus
|
0-0: Called Strike 0-1: Called Strike 0-2: SINGLE (Groundball, 6MD, EV 101.3 MPH)
|
|
Batting: LHB Bob Helsom
|
0-0: Ball 1-0: Called Strike 1-1: Ball 2-1: SINGLE (Line Drive, 9S, EV 105.0 MPH) Dionisio DeJesus to second Runner from 2nd tries for 3rd, SAFE, throw by RF made to third
|
|
Batting: RHB Oscar Mejia
|
0-0: Ball 1-0: Foul Ball, location: 2F 1-1: Ball 2-1: Ball 3-1: Fly out, F8 (Flyball, 78M, EV 83.8 MPH) Runner from 3rd tags up, SCORES, no throw by CF
|
|
Batting: LHB Chuck Sandberg
|
0-0: Foul Ball, location: 2F 0-1: Fly out, F7 (Flyball, 7, EV 82.5 MPH)
|
| Bottom of the 8th over - 1 run, 2 hits, 0 errors, 1 left on base; Burlington 4 - Quad Cities 2 |
| TOP OF THE 9TH |
|
Burlington Bees batting - Pitching for Quad Cities Angels : LHP Charles Redd
|
|
Batting: LHB Brian Devalk
|
0-0: Fly out, F5 (Popup, 5F, EV 77.5 MPH)
|
|
Batting: RHB Bob Gergen
|
0-0: Foul Ball, location: 2F 0-1: Foul Ball, location: 2F 0-2: Ball 1-2: Strikes out swinging
|
|
Batting: RHB Gregory Chinn
|
0-0: Ball 1-0: Fly out, F9 (Flyball, 89M, EV 89.4 MPH)
|
| Top of the 9th over - 0 runs, 0 hits, 0 errors, 0 left on base; Burlington 4 - Quad Cities 2 |
| BOTTOM OF THE 9TH |
|
Quad Cities Angels batting - Pitching for Burlington Bees : RHP Paul Soth
|
|
Pitching: RHP David Loeffler
|
|
|
Batting: RHB Greg Griffin
|
0-0: Ball 1-0: Ball 2-0: Ball 3-0: Called Strike 3-1: Base on Balls
|
|
Batting: SHB Frank Diaz
|
0-0: Ball 1-0: Foul Ball, location: 2F 1-1: Ball 2-1: Foul Ball, location: 2F 2-2: Fly out, F7 (Flyball, 7S, EV 86.9 MPH)
|
|
Batting: RHB Cecil Strawn
|
0-0: Foul Ball, location: 2F 0-1: Ball 1-1: Foul Ball, location: 2F 1-2: Grounds into double play, 4-6-3 (Groundball, 34, EV 81.3 MPH)
|
| Bottom of the 9th over - 0 runs, 0 hits, 0 errors, 0 left on base; Burlington 4 - Quad Cities 2 |
|